 Dungeon Crawl Stone Soup version 0.19.4-9-g45fd643 (webtiles) character file.

201 vatarom the Firebug (level 5, -5/32 HPs)
             Began as a Deep Elf Fire Elementalist on Feb 18, 2017.
             Killed from afar by Blork the orc (10 damage)
             ... with a puff of frost
             ... on level 4 of the Dungeon.
             The game lasted 00:08:53 (3445 turns).

vatarom the Firebug (Deep Elf Fire Elementalist)    Turns: 3445, Time: 00:08:54

Health: -5/32      AC:  3    Str:  5    XL:     5   Next: 50%
Magic:  3/11       EV: 13    Int: 21    God:
Gold:   257        SH:  0    Dex: 15    Spells: 4 memorised, 0 levels left

rFire  . . .     SeeInvis .     j - +0 war axe
rCold  . . .     Gourm    .     a - +0 robe
rNeg   . . .     Faith    .     (no shield)
rPois  .         Spirit   .     (no helmet)
rElec  .         Reflect  .     d - +0 cloak
rCorr  +         Harm     .     (no gloves)
MR     .....                    (no boots)
Stlth  ++........               (no amulet)
                                (no ring)
                                o - ring of resist corrosion

@: very slightly contaminated
A: no striking features
a: no special abilities


You were on level 4 of the Dungeon.
You were not hungry.

You visited 1 branch of the dungeon, and saw 4 of its levels.

You collected 257 gold pieces.

Inventory:

Hand Weapons
 j - a +0 war axe (weapon)
Armour
 a - a +0 robe (worn)
 d - a +0 cloak (worn)
Jewellery
 o - a ring of resist corrosion (left hand)
Wands
 m - a wand of polymorph (17/24)
Scrolls
 i - 2 scrolls of identify
 k - 4 scrolls of remove curse
 q - a scroll of amnesia
Potions
 e - a potion of curing
 n - a potion of flight
 r - 2 potions of invisibility {unknown}
Books
 b - a book of Flames

   Spells                             Type                      Level
   a - Flame Tongue                   Conjuration/Fire             1
   b - Throw Flame                    Conjuration/Fire             2
   c - Conjure Flame                  Conjuration/Fire             3
   d - Inner Flame                    Hexes/Fire                   3
   e - Sticky Flame                   Conjuration/Fire             4
   f - Fireball                       Conjuration/Fire             5
Comestibles
 c - 3 bread rations
 f - 2 meat rations
 g - 3 slices of pizza
 h - a beef jerky
 l - a royal jelly
 p - 2 chunks of flesh
 s - 4 fruits


   Skills:
 - Level 3.0 Fighting
 - Level 2.4 Dodging
 - Level 2.4 Stealth
 - Level 3.0 Spellcasting
 + Level 3.1 Conjurations
 + Level 4.4 Fire Magic


You couldn't memorise any spells.
You knew the following spells:

 Your Spells              Type           Power        Failure   Level  Hunger
a - Flame Tongue          Conj/Fire      ###..        2%          1    None
b - Throw Flame           Conj/Fire      ###...       4%          2    ##.....
c - Conjure Flame         Conj/Fire      ###.....     10%         3    ###....
d - Sticky Flame          Conj/Fire      ###.....     28%         4    ####...


Dungeon Overview and Level Annotations

Branches:
Dungeon (4/15)
 Temple: D:4-7

Altars:
Xom

Annotations:
D:4 Blork the orc


Message History

You hear some strange, mumbled words.
A puff of flame appears from out of thin air!
The puff of flame misses you.
A puff of frost appears from out of thin air!
The puff of frost misses you.
Some of the chunks of flesh in your inventory have rotted away.
You hear some strange, mumbled words.
A puff of frost appears from out of thin air!
The puff of frost hits you!
* * * LOW HITPOINT WARNING * * *
A puff of flame appears from out of thin air!
The puff of flame hits you!
* * * LOW HITPOINT WARNING * * *
You hear some strange, mumbled words.
A puff of flame appears from out of thin air!
The puff of flame misses you.
You hear some strange, mumbled words.
A puff of frost appears from out of thin air!
The puff of frost hits you!
You die...

********<,,..###***,,******,,***#
,,,,,,*****#...,,,,,,,,,,,,,** #
*****.######..*********,,,,,****#
,,,,,........#### *****,,,,*
,******#........# ***#.## ,*
####.....# #... ,* #.)...# #####
** #.....#### ##.... * ###...@..#
#..### ** #.####.# ##.## ,**
#####.####.# ###..# ,,***
#..........# #...##
,,,,****#..........######.#####
..,,,,,*#...<......##.....#...##
...**#.##.รท...........####.....##
...* #...............## #........
...* ########.###....# #........


There were no monsters in sight!

Vanquished Creatures
  An orc priest (D:3)
  An orc wizard (D:3)
  A hound zombie (D:3)
  3 adders
  3 oozes
  6 worms
  2 dart slugs
  2 leopard geckos
  2 orcs (D:3)
  2 ball pythons (D:1)
  5 bats
  6 giant cockroaches
  7 goblins
  5 hobgoblins
  2 jackals (D:4)
  2 quokkas (D:2)
  7 frilled lizards
  10 kobolds
  6 rats
73 creatures vanquished.

Notes
Turn   | Place    | Note
-------+----------+-------------------------------------------
     0 | D:1      | vatarom the Deep Elf Fire Elementalist began the quest for the Orb.
     0 | D:1      | Reached XP level 1. HP: 10/10 MP: 6/6
   214 | D:1      | Reached skill level 1 in Fighting
   308 | D:1      | Reached XP level 2. HP: 16/16 MP: 2/8
   536 | D:1      | Learned a level 2 spell: Throw Flame
   616 | D:1      | Reached XP level 3. HP: 21/21 MP: 4/9
   662 | D:1      | Learned a level 3 spell: Conjure Flame
  1332 | D:2      | Found a faded altar of an unknown god.
  1859 | D:2      | Reached XP level 4. HP: 18/28 MP: 4/10
  2319 | D:3      | Reached skill level 4 in Fire Magic
  2319 | D:3      | Reached XP level 5. HP: 32/32 MP: 5/11
  2325 | D:3      | Learned a level 4 spell: Sticky Flame
  2558 | D:3      | Found a shimmering altar of Xom.
  2558 | D:3      | Found a shimmering altar of Xom.
  2566 | D:3      | Found a shimmering altar of Xom.
  2567 | D:3      | Found a shimmering altar of Xom.
  3406 | D:4      | Noticed Blork the orc
  3445 | D:4      | Killed from afar by Blork the orc

Skill      XL: |  1  2  3  4  5 |
---------------+----------------+-----
Fighting       | 1 2 3 |  3.0
Conjurations   | 2 3 |  3.1
Fire Magic     | 4 |  4.4
Dodging        | |  2.4
Stealth        | |  2.4
Spellcasting   | |  3.0

Action                   |  1- 3 |  4- 6 || total
-------------------------+-------+-------++-------
Melee: Unarmed           |     3 |       ||     3
       War axe           |    10 |    34 ||    44
       Whip              |     7 |       ||     7
 Cast: Flame Tongue      |    69 |    50 ||   119
       Throw Flame       |       |     3 ||     3
       Conjure Flame     |       |     1 ||     1
  Use: Scroll            |     5 |     5 ||    10
       Potion            |     1 |     2 ||     3
 Stab: Sleeping          |     1 |     2 ||     3
  Eat: Chunk             |     3 |     1 ||     4
       Bread ration      |       |     1 ||     1
Armor: Robe              |    12 |    16 ||    28
Dodge: Dodged            |    29 |    47 ||    76
